vorpal, neutral female human Valkyrie ----- |... --..--------- .-- --...|.......| ..---..5.|....@..| ....[%$@T@@.@...@...| ......---.5..|.......| .....- --...|.......| --|- --..--------- ----... |... 4 .....%... ----- ..=---- ...| vorpal the Champion Experience level: 27 Strength: 25 Dexterity: 18 Constitution: 18 Intelligence: 17 Wisdom: 18 Charisma: 18 Health: 312(312) Energy: 107(107) Def: 44 Gold: 0 Moves: 64975 Dungeon seed: rb-AezHOvSl1pUcq Game ID: vorpal_1531214625 Your Inventory: Amulets Q - an uncursed amulet of life saving (being worn) V - an uncursed amulet of unchanging Z - a cursed amulet of change Weapons c - a blessed +6 silver dagger (wielded in other hand) j - the rustproof +6 Mjollnir w - the blessed rustproof +6 Stormbringer (weapon in hand) C - a blessed +0 elven dagger K - 17 +4 elven daggers (in quiver) Armor n - a blessed greased +5 silver dragon scale mail (being worn) q - a blessed +5 Hawaiian shirt (being worn) y - a blessed fireproof +7 elven leather helm (being worn) z - a blessed rustproof +5 pair of gauntlets of power (being worn) O - a blessed fireproof +4 cloak of magic resistance (being worn) Y - a blessed fireproof +5 pair of speed boots (being worn) Comestibles A - 14 uncursed lumps of royal jelly S - an uncursed lizard corpse Potions b - 2 blessed potions of extra healing g - 2 blessed potions of full healing Rings d - an uncursed ring of teleport control v - an uncursed ring of slow digestion D - an uncursed ring of conflict U - an uncursed ring of levitation (on left hand) X - an uncursed ring of free action (on right hand) Wands a - a wand of sleep (0:6) e - a wand of enlightenment (0:8) r - a wand of striking (0:0) t - a wand of death (0:3) u - a wand of secret door detection (0:5) B - a cursed wand of striking (0:5) F - a wand of digging (0:7) G - a blessed wand of striking (0:6) H - a blessed wand of lightning (0:5) L - a wand of digging (0:5) P - a wand of digging (0:5) R - a cursed wand of slow monster (0:3) Tools f - an uncursed pair of lenses h - a blessed bag of holding k - the blessed Orb of Fate (0:4) m - a blessed oil lamp (0:0) o - a drum of earthquake (0:3) p - a cursed lock pick I - an uncursed towel M - a blessed +0 unicorn horn W - an expensive camera (0:45) Gems x - an uncursed diamond N - an uncursed diamond named gems Contents of the bag of holding: an uncursed amulet of life saving an uncursed amulet of life saving 2 blessed +0 daggers a blessed +1 elven dagger a +1 elven dagger a cursed -1 elven dagger a blessed +1 guisarme an uncursed +0 pair of water walking boots 5 uncursed C-rations 7 uncursed K-rations an uncursed lembas wafer an uncursed lizard corpse 3 uncursed sprigs of wolfsbane 4 uncursed scrolls of blank paper 4 cursed scrolls of blank paper a blessed scroll of create monster 3 uncursed scrolls of create monster an uncursed scroll of enchant weapon a cursed scroll of enchant weapon an uncursed scroll of food detection a blessed scroll of remove curse an uncursed scroll of remove curse a blessed scroll of taming an uncursed scroll of taming 3 blessed scrolls of teleportation a cursed scroll of teleportation 9 blessed potions of extra healing 2 uncursed potions of extra healing 6 blessed potions of full healing 2 uncursed potions of full healing a blessed potion of gain ability a cursed potion of gain ability 2 uncursed potions of gain level 2 blessed potions of healing 3 uncursed potions of healing 3 cursed potions of healing 5 potions of holy water an uncursed potion of paralysis 3 uncursed potions of sleeping a cursed potion of sleeping an uncursed +1 ring of adornment an uncursed ring of fire resistance an uncursed ring of free action a cursed -2 ring of increase damage an uncursed ring of invisibility a cursed ring of polymorph an uncursed ring of regeneration an uncursed ring of regeneration an uncursed ring of regeneration an uncursed ring of shock resistance an uncursed ring of shock resistance an uncursed ring of slow digestion an uncursed ring of stealth an uncursed ring of stealth a cursed ring of teleportation an uncursed ring of warning a wand of digging (0:7) a wand of fire (0:6) a wand of fire (0:5) a wand of fire (0:4) a wand of fire (0:0) a wand of lightning (0:7) a wand of lightning (0:6) a blessed wand of lightning (0:4) a wand of magic missile (0:8) a wand of magic missile (0:8) a wand of magic missile (0:7) a wand of magic missile (0:6) a wand of magic missile (0:6) a wand of magic missile (0:5) a wand of magic missile (0:4) a cursed wand of magic missile (0:4) a wand of magic missile (0:3) a wand of make invisible (0:6) a wand of make invisible (0:5) a wand of make invisible (0:4) a wand of probing (0:5) a wand of sleep (0:6) a wand of sleep (0:6) a wand of sleep (0:4) a cursed wand of sleep (0:3) a wand of sleep (0:0) a wand of speed monster (0:0) a wand of striking (0:8) a wand of striking (0:7) a wand of striking (0:7) a wand of striking (0:5) a wand of striking (0:5) a blessed wand of striking (0:4) a wand of striking (0:4) a wand of teleportation (0:8) a wand of teleportation (0:3) a wand of wishing (1:0) a wand of wishing (1:0) a blessed can of grease (0:3) an uncursed leather drum a magic marker (1:8) a blessed magic marker named m3 (0:9) an uncursed stethoscope 5 uncursed amethyst stones 3 uncursed diamonds an uncursed diamond named gems 4 uncursed emeralds 3 uncursed fluorite stones 2 uncursed jasper stones 2 uncursed luckstones 2 uncursed rubies 3 uncursed rubies named gems an uncursed touchstone 10 uncursed worthless pieces of green glass 5 uncursed worthless pieces of orange glass 6 uncursed worthless pieces of red glass 2 uncursed worthless pieces of violet glass 12 uncursed worthless pieces of white glass 8 uncursed worthless pieces of yellow glass an uncursed worthless piece of yellowish brown glass Spells and supernatural/magical abilities: Name Level Category Fail Memory W - pray for help -- divine ? -- Your skills at the end: Fighting Skills two weapon combat [Skilled] Weapon Skills dagger [Skilled] broadsword [Skilled] long sword [Expert] hammer [Expert] Spellcasting Skills Final Attributes: You were piously aligned. You were fire resistant. You were cold resistant. You were disintegration-resistant. You were poison resistant. You were level-drain resistant. You were magic-protected. You saw invisible. You were telepathic. You were warned. You were invisible to others. You were stealthy. You were levitating. You were very fast. You had reflection. You had free action. Your life would have been saved. You were wielding two weapons at once. You were extremely lucky. You had extra luck. Good luck did not time out for you. You survived after being killed once. Vanquished creatures: Asmodeus Baalzebub Orcus Juiblex The Wizard of Yendor (thrice) Pestilence (twice) a high priest 2 mastodons Medusa Croesus 16 krakens 8 iron golems 3 ki-rin 4 storm giants 5 glass golems 3 balrogs 6 purple worms a gray dragon 5 red dragons 3 white dragons 9 black dragons 2 blue dragons a yellow dragon 37 minotaurs 2 jabberwocks Lord Surtur 8 baluchitheria 8 Angels Vlad the Impaler 8 stone golems 2 master mind flayers 10 Olog-hai 2 Nazgul 15 pit fiends 6 sandestins 3 hell hounds 6 titanotheres 6 trappers a baby gray dragon a baby white dragon a baby orange dragon a baby black dragon 2 guardian nagas 4 disenchanters 27 vampire lords 6 shades 5 skeletons 16 aligned priests 7 captains 4 liches 2 water trolls 3 clay golems 15 nurses 6 ice devils 2 nalfeshnees 11 lurkers above 3 Aleaxes 2 frost giants 7 ettins 5 golden nagas 19 black puddings 34 vampires 32 ghosts 13 lieutenants a samurai 2 queen bees 5 winged gargoyles 5 mind flayers 15 giant mimics 7 zruties 53 fire giants 11 ogre kings 6 ice trolls 33 rock trolls an umber hulk 3 flesh golems 4 Elvenkings a doppelganger 10 hezrous 8 bone devils 9 large mimics 10 wumpuses 4 fire vortices 3 long worms 3 couatls 12 stalkers 12 air elementals 4 fire elementals 14 earth elementals 7 water elementals 22 hill giants 4 giant mummies 6 black nagas 7 xorns 14 giant zombies 15 elf-lords 25 sergeants 5 water demons 5 barbed devils 18 vrocks 2 salamanders 35 wargs a winter wolf 9 hell hound pups 17 small mimics 2 glass piercers 4 warhorses 8 steam vortices 17 xans 7 ettin mummies 10 ogre lords 12 quantum mechanics 16 trolls 3 sasquatches 3 wood golems an erinys 6 mariliths a djinni 7 sharks 8 electric eels 10 gelatinous cubes 4 pyrolisks a large dog 6 freezing spheres 7 flaming spheres 8 shocking spheres a large cat 18 tigers 12 gargoyles a dwarf king 4 tengu 9 ochre jellies 11 leocrottas 7 energy vortices 5 mountain centaurs 7 stone giants 6 elf mummies 2 human mummies 4 red nagas 8 green slimes 11 pit vipers 5 pythons 3 cobras 55 wraiths 7 carnivorous apes 12 ettin zombies 6 leather golems 21 Grey-elves 119 soldiers 3 horned devils 8 succubi 5 incubi 3 chameleons 4 crocodiles 12 giant beetles 8 quivering blobs 23 cockatrices 17 wolves 18 winter wolf cubs 3 lynxes 6 panthers 6 gremlins 2 spotted jellies 8 leprechauns 3 orc-captains 7 iron piercers 5 mumakil 12 giant spiders 11 scorpions 8 horses 2 ice vortices 6 black lights 16 vampire bats 9 forest centaurs 10 gnome kings 6 orc mummies 3 dwarf mummies 7 ogres 2 brown puddings 12 rust monsters 10 owlbears 5 yetis 4 gold golems 7 werewolves 16 Green-elves 6 piranhas 18 giant eels 9 lizards 8 chickatrices 3 dogs 4 dingos 4 housecats 2 jaguars 6 dwarf lords 5 blue jellies 3 white unicorns 2 black unicorns 8 dust vortices 6 ravens 9 plains centaurs 10 gnome mummies 8 snakes 7 apes 17 human zombies 2 rope golems 10 Woodland-elves 8 soldier ants 107 fire ants 21 bugbears 3 imps 11 lemures 7 quasits 5 wood nymphs 4 water nymphs 4 mountain nymphs 13 Mordor orcs 7 Uruk-hai 6 orc shamans 8 rock piercers 2 rock moles a pony 5 fog clouds 14 yellow lights 2 shriekers 6 violet fungi 20 gnome lords 11 gnomish wizards 3 kobold mummies a red naga hatchling a black naga hatchling 5 gray oozes 7 barrow wights 34 elf zombies 11 ghouls 2 straw golems 8 paper golems 8 jellyfish a baby crocodile 32 giant ants a little dog 12 floating eyes a kitten 28 dwarves 8 homunculi 6 kobold lords 4 kobold shamans 35 hill orcs 12 rothes 8 rabid rats 3 centipedes 5 giant bats 3 monkeys 19 orc zombies 32 dwarf zombies a wererat 4 werejackals 19 iguanas 55 killer bees 5 acid blobs 13 coyotes 5 gas spores 9 hobbits 7 manes 8 large kobolds 23 hobgoblins 12 giant rats 7 cave spiders 2 brown molds 3 yellow molds a green mold 2 red molds 66 gnomes 13 garter snakes 17 gnome zombies 10 geckos 4 jackals 3 foxes 7 kobolds 9 goblins 3 sewer rats 14 grid bugs a bat 5 lichens 23 kobold zombies 19 newts 2686 creatures vanquished. Genocided or extinct species: liches demiliches master liches arch-liches soldiers (extinct) jellyfish piranhas sharks giant eels electric eels krakens 10 species genocided. 1 species extinct. Voluntary challenges: You had been an atheist until turn 4145. You used a wielded weapon 4154 times, starting on turn 32. You read items or engraved 204 times, starting on turn 1269. You genocided 10 types of monsters, starting on turn 35577. You never polymorphed an object. You never changed form. You used 9 wishes, starting on turn 30908. You wished for your your first artifact on turn 37353. You split 11 puddings, starting on turn 16839. You wrote Elbereth's name 47 times, starting on turn 2537. You violated your moral code, losing 143 points of alignment, starting on turn 10267. Dungeon overview: The Dungeons of Doom: levels 1 to 29 Level 1 stairs to The Elemental Planes Level 2 a general store Level 3 stairs to The Gnomish Mines Level 4 a potion shop Level 5 a general store, a fountain Level 6 a fountain Level 7 Level 8 Level 9 many fountains Level 10 a fountain stairs to Sokoban Level 11 some altars to Tyr and Odin Level 12 an altar to Loki Level 13 some sinks Level 14 some fountains Level 15 some altars to Odin and Loki Level 16 a general store portal to The Quest Level 17 Level 18 Level 19 Level 20 a sink portal to Fort Ludios Level 21 a temple to Odin Level 22 Level 23 Level 24 Level 25 Level 26 Level 27 Level 28 Level 29 a fountain Gehennom: levels 30 to 51 Level 30 a temple to Moloch stairs to The Dungeons of Doom Level 31 Level 32 Level 33 Level 34 Level 35 Level 36 Level 37 Level 38 Level 39 some shops, an altar to Moloch stairs to Vlad's Tower Level 40 Level 41 Level 42 Level 43 Level 44 portal to Gehennom Level 45 Level 46 Level 47 Level 48 portal to Gehennom Level 49 Level 50 Level 51 The Gnomish Mines: levels 4 to 12 Level 4 stairs to The Dungeons of Doom Level 5 Level 6 many shops, a temple to Tyr, some fountains Level 7 Level 8 Level 9 Level 10 Level 11 Level 12 The Quest: levels 1 to 5 Level 1 a fountain portal to The Dungeons of Doom Level 2 Level 3 Level 4 Level 5 Sokoban: levels 6 to 9 Level 6 Level 7 Level 8 Level 9 stairs to The Dungeons of Doom Fort Ludios: Level 1 portal to The Dungeons of Doom Vlad's Tower: levels 36 to 38 Level 36 Level 37 Level 38 stairs to Gehennom The Elemental Planes: Astral Plane <- You were here a high altar Plane 4 portal to The Elemental Planes Plane 3 portal to The Elemental Planes Plane 2 portal to The Elemental Planes Plane 1 portal to The Elemental Planes History has recorded: On T:1 you entered the Dungeons of Doom to retrieve the Amulet of Yendor! On T:30 you reached level 2 of The Dungeons of Doom. On T:910 you reached level 3 of The Dungeons of Doom. On T:1553 you reached level 4 of The Dungeons of Doom. On T:1594 you advanced to experience level 2. On T:1980 you reached level 5 of The Dungeons of Doom. On T:2230 you advanced to experience level 3. On T:2330 you reached level 6 of The Dungeons of Doom. On T:2451 you reached level 7 of The Dungeons of Doom. On T:3096 you advanced to experience level 4. On T:3700 you advanced to experience level 5. On T:3800 you reached level 8 of The Dungeons of Doom. On T:4159 you advanced to experience level 6. On T:4827 you reached level 1 of The Gnomish Mines. On T:5046 you reached level 2 of The Gnomish Mines. On T:5143 you advanced to experience level 7. On T:5341 you reached level 3 of The Gnomish Mines. On T:5772 you reached level 4 of The Gnomish Mines. On T:5958 you reached level 5 of The Gnomish Mines. On T:6236 you advanced to experience level 8. On T:6242 you reached level 6 of The Gnomish Mines. On T:6386 you reached level 7 of The Gnomish Mines. On T:6394 you reached level 8 of The Gnomish Mines. On T:6498 you reached level 9 of The Gnomish Mines. On T:7700 you advanced to experience level 9. On T:10641 you reached level 9 of The Dungeons of Doom. On T:10840 you reached level 10 of The Dungeons of Doom. On T:11077 you reached level 4 of Sokoban. On T:11472 you reached level 3 of Sokoban. On T:12278 you advanced to experience level 10. On T:12372 you reached level 2 of Sokoban. On T:12738 you reached level 1 of Sokoban. On T:13940 you reached level 11 of The Dungeons of Doom. On T:14740 you reached level 12 of The Dungeons of Doom. On T:14945 you received Mjollnir from Odin. On T:15346 you reached level 13 of The Dungeons of Doom. On T:15546 you reached level 14 of The Dungeons of Doom. On T:15752 you reached level 15 of The Dungeons of Doom. On T:16097 you reached level 16 of The Dungeons of Doom. On T:16215 you reached level 17 of The Dungeons of Doom. On T:16890 you received Trollsbane from Odin. On T:17033 you reached level 1 of The Quest. On T:17189 you advanced to experience level 11. On T:17403 you reached level 18 of The Dungeons of Doom. On T:17451 you reached level 19 of The Dungeons of Doom. On T:18452 you reached level 20 of The Dungeons of Doom. On T:18520 you reached level 21 of The Dungeons of Doom. On T:18756 you reached level 22 of The Dungeons of Doom. On T:19703 you reached level 23 of The Dungeons of Doom. On T:20993 you reached level 24 of The Dungeons of Doom. On T:22035 you reached level 25 of The Dungeons of Doom. On T:22104 you reached level 26 of The Dungeons of Doom. On T:22126 you advanced to experience level 12. On T:23736 you advanced to experience level 13. On T:23737 you advanced to experience level 14. On T:27815 you embarked upon an epic quest. On T:27864 you reached level 2 of The Quest. On T:28247 you reached level 3 of The Quest. On T:28749 you reached level 4 of The Quest. On T:29087 you reached level 5 of The Quest. On T:29586 you killed Lord Surtur on level 1 of The Quest. On T:30014 you completed the quest! On T:30908 you wished for "blessed greased +2 silver dragon scale mail". On T:31344 you reached level 27 of The Dungeons of Doom. On T:32756 you wished for "blessed scroll of charging". On T:32778 you wished for "blessed greased fireproof +2 cloak of magic resistance". On T:32783 you wished for "magic marker". On T:32784 you wished for "magic marker". On T:34360 you killed Medusa on level 27 of The Dungeons of Doom. On T:34438 you reached level 28 of The Dungeons of Doom. On T:35462 you reached The Castle. On T:36612 you wished for "blessed magic marker". On T:37239 you wished for "blessed fireproof +2 speed boots". On T:37247 you wished for "magic marker". On T:37353 you wished for "fireproof Stormbringer". On T:37902 you advanced to experience level 15. On T:37903 you advanced to experience level 16. On T:37905 you advanced to experience level 17. On T:40146 you reached Fort Ludios. On T:40661 you killed Croesus in Fort Ludios. On T:45505 you reached The Valley of the Dead. On T:45566 you advanced to experience level 18. On T:45784 you advanced to experience level 19. On T:46011 you advanced to experience level 20. On T:46328 you advanced to experience level 21. On T:46729 you advanced to experience level 22. On T:47490 you reached level 2 of Gehennom. On T:48125 you reached level 3 of Gehennom. On T:48378 you reached level 4 of Gehennom. On T:49368 you reached level 5 of Gehennom. On T:50715 you killed Asmodeus in The Valley of the Dead. On T:50953 you reached level 6 of Gehennom. On T:51144 you killed Juiblex on level 6 of Gehennom. On T:51539 you reached level 7 of Gehennom. On T:51933 you reached level 8 of Gehennom. On T:52189 you reached level 9 of Gehennom. On T:53112 you killed Baalzebub on level 9 of Gehennom. On T:53163 you reached level 10 of Gehennom. On T:53175 you reached level 13 of Gehennom. On T:53370 you reached level 14 of Gehennom. On T:53402 you reached level 12 of Gehennom. On T:53621 you reached level 11 of Gehennom. On T:54030 you killed Orcus on level 10 of Gehennom. On T:55358 you advanced to experience level 23. On T:55359 you advanced to experience level 24. On T:55360 you advanced to experience level 25. On T:55364 you advanced to experience level 26. On T:55426 you reached level 3 of Vlad's Tower. On T:55579 you reached level 2 of Vlad's Tower. On T:55677 you reached level 1 of Vlad's Tower. On T:55746 you killed Vlad the Impaler on level 1 of Vlad's Tower. On T:57067 you reached level 15 of Gehennom. On T:57675 you reached level 16 of Gehennom. On T:58377 you reached level 17 of Gehennom. On T:58622 you reached level 18 of Gehennom. On T:58686 you reached level 20 of Gehennom. On T:59550 you reached level 21 of Gehennom. On T:60121 you reached level 19 of Gehennom. On T:60788 you were saved from death by your amulet of life saving! On T:61414 you killed Wizard of Yendor on level 13 of Gehennom. On T:61617 you performed the invocation. On T:61623 you reached level 22 of Gehennom. On T:61801 you advanced to experience level 27. On T:62064 you killed high priest of Moloch on level 22 of Gehennom. On T:62067 you gained the Amulet of Yendor! On T:62485 you killed Wizard of Yendor on level 9 of Gehennom. On T:63905 you reached the Plane of Earth. On T:63913 you killed Wizard of Yendor on the Plane of Earth. On T:64539 you reached the Plane of Air. On T:64768 you reached the Plane of Fire. On T:64857 you reached the Plane of Water. On T:64901 you reached the Astral Plane. On T:64912 you killed Pestilence on the Astral Plane. On T:64930 you killed Pestilence on the Astral Plane. On T:64975 you lost the Amulet of Yendor. On T:64975 you offered the Amulet of Yendor to Odin and ascended to the status of Demigoddess! Score breakdown: Gold: 0 ( 0 points) Experience: 27 levels (28405 points) Exploration: 51 levels (100.00%) (30000 points) Discoveries: 98 items ( 39.84%) (18935 points) Valuables value: 57450 (16189 points) Artifact value: 15500 (14254 points) Variety of kills: 285 monsters ( 74.80%) (25946 points) Turncount: 64975 turns (-5143 points) Survival: ascended (score multiplied by 200%) Total score: 257172 Latest messages: The bolt of cold hits the priestess of Odin! The bolt of cold whizzes by you! The priestess of Tyr swings her mace. The priestess of Tyr misses. (2x) The priestess of Tyr points at you, then curses. Michael the invisible Voyager picks up a mace. The priestess of Moloch picks up a very burnt robe. The priestess of Moloch picks up a robe. The high priest intones: "Pilgrim, you enter a sacred place!" Pestilence picks up a wand of digging. The Olog-hai picks up a small shield. (2x) The priestess of Odin casts a spell! The priestess of Odin looks better. The priest of Moloch picks up a long sword. (2x) You offer the Amulet of Yendor to Odin... An invisible choir sings, and you are bathed in radiance... The voice of Odin booms: "Congratulations, mortal!" "In return for thy service, I grant thee the gift of Immortality!" You ascend to the status of Demigoddess... Final status: Farvel vorpal the Demigoddess, ascended... You went to your reward with 257172 points, Mjollnir (worth 4000 zorkmids) The Orb of Fate (worth 3500 zorkmids) Stormbringer (worth 8000 zorkmids) 44 worthless pieces of colored glass, 6 diamonds (worth 24000 zorkmids), 5 rubies (worth 17500 zorkmids), 5 amethyst stones (worth 3000 zorkmids), 4 emeralds (worth 10000 zorkmids), 3 fluorite stones (worth 1200 zorkmids), 2 jasper stones (worth 1000 zorkmids), 3 amulets of life saving (worth 450 zorkmids), 1 amulet of change (worth 150 zorkmids), 1 amulet of unchanging (worth 150 zorkmids), and 0 pieces of gold, after 64975 moves. You were level 27 with a maximum of 312 hit points when you ascended.